 Dungeon Crawl Stone Soup version 0.29-a0-870-g2c972031a6 (webtiles) character file.

Game seed: 17105537175031049320

282 lesbiats the Conjurer (level 6, 0/44 HPs)
             Began as a Gnoll Conjurer on July 17, 2022.
             Slain by a mummy (2 damage)
             ... in an ossuary.
             The game lasted 00:10:37 (3104 turns).

lesbiats the Conjurer (Gnoll Conjurer)              Turns: 3104, Time: 00:10:38

Health: 0/44       AC:  4    Str:  6    XL:     6   Next: 28%
Magic:  8/14       EV: 13    Int: 19    God:
Gold:   156        SH:  0    Dex: 11    Spells: 12/15 levels left

rFire   . . .      SeeInvis .   a - +2 rapier (holy)
rCold   . . .      Faith    .   (no shield)
rNeg    . . .      Spirit   .   g - +1 robe
rPois   .          Reflect  .   q - +0 helmet
rElec   .          Harm     .   (no cloak)
rCorr   .          Rampage  .   (no gloves)
Will    .....                   (no boots)
Stlth   +++.......              (no amulet)
HPRegen 0.14/turn               (no ring)
MPRegen 0.14/turn               (no ring)

@: no status effects
A: fangs 1, strong nose, distributed training
a: no special abilities


You were in an ossuary.
You visited 1 branch of the dungeon, and saw 4 of its levels.
You also visited: Ossuary.

You collected 156 gold pieces.

Inventory:

Hand Weapons
 a - a +2 rapier of holy wrath (weapon)
 b - a +0 vorpal broad axe
Missiles
 c - 5 poisoned darts
 t - 2 javelins
Armour
 g - a +1 robe (worn)
 q - a +0 helmet (worn)
Scrolls
 f - 2 scrolls of enchant armour
 h - 4 scrolls of amnesia
 n - 2 scrolls of vulnerability
 p - a scroll of blinking {unknown}
 s - a scroll of enchant weapon {unknown}
 u - a scroll of noise {unknown}
 v - 3 scrolls of teleportation
 w - a scroll of brand weapon {unknown}
Potions
 e - a potion of cancellation
 j - a potion of attraction {unknown}
 k - 4 potions of magic
 l - 2 potions of degeneration {unknown}
 m - 2 potions of flight {unknown}
 o - a potion of resistance {unknown}
 r - a potion of ambrosia {unknown}


   Skills:
 + Level 2.0 Fighting
 + Level 2.0 Short Blades
 + Level 2.0 Long Blades
 + Level 2.0 Axes
 + Level 2.0 Maces & Flails
 + Level 2.0 Polearms
 + Level 2.0 Staves
 + Level 2.0 Ranged Weapons
 + Level 2.0 Throwing
 + Level 2.0 Armour
 + Level 5.0 Dodging
 + Level 4.6 Stealth
 + Level 2.0 Shields
 + Level 2.0 Unarmed Combat
 + Level 5.3 Spellcasting
 + Level 7.3 Conjurations
 + Level 1.5 Hexes
 + Level 1.5 Summonings
 + Level 1.5 Necromancy
 + Level 1.5 Translocations
 + Level 1.5 Transmutations
 + Level 1.5 Fire Magic
 + Level 1.5 Ice Magic
 + Level 1.5 Air Magic
 + Level 1.5 Earth Magic
 + Level 1.5 Poison Magic
 + Level 2.1 Invocations
 + Level 2.0 Evocations


You had 12 spell levels left.
You knew the following spells:

 Your Spells              Type           Power      Damage    Failure   Level
a - Magic Dart            Conj           100%       1d8       1%          1
b - Searing Ray           Conj           64%        2d6       1%          2

Your spell library contained the following spells:

 Spells                   Type           Power      Damage    Failure   Level
 Dazzling Flash           Conj/Hex       42%        N/A       6%          3
 Fulminant Prism          Conj/Hex       10%        3d9       19%         4
 Iskenderun's Mystic Bla  Conj/Tloc      21%        2d6       19%         4
 Fireball                 Conj/Fire      10%        3d6       47%         5
 Lee's Rapid Deconstruct  Erth           5%         3d7*      87%         5
 Starburst                Conj/Fire      10%        6d5       96%         6
 Ignition                 Fire           5%         3d4       100%        8


Dungeon Overview and Level Annotations

Branches:
Dungeon (4/15)            Ossuary (1/1)
 Temple: D:4-7

Altars:
Ru


Innate Abilities, Weirdness & Mutations

You have very sharp teeth.
Your uncanny sense of smell can sniff out nearby items.
Your experience applies equally to all skills.


Message History

* * * LOW HITPOINT WARNING * * *
Casting: Searing Ray (safe; 1% risk of failure)
Confirm with . or Enter, or press ? or * to list all spells.
Aiming: Searing Ray (safe; 1% risk of failure)
Press: ? - help, Shift-Dir - straight line, f - mummy
Aim: a mummy (91% to hit)
You miscast Searing Ray.
You are very lightly contaminated with residual magic.
Nothing appears to happen.
The orc zombie misses you.
You hit the orc zombie.
The orc zombie convulses.
The orc zombie is heavily damaged.
The mummy barely misses you. The orc zombie barely misses you.
You hit the orc zombie.
You destroy the orc zombie!
The mummy barely misses you.
You hit the mummy.
The mummy convulses.
The mummy is moderately damaged.
The mummy barely misses you.
You puncture the mummy!
The mummy convulses.
The mummy is almost destroyed.
The mummy misses you.
You closely miss the mummy.
The mummy is almost destroyed.
The mummy hits you.
* * * LOW HITPOINT WARNING * * *
The mummy barely misses you.
Unknown command.
You hit the mummy but do no damage.
The mummy is almost destroyed.
The mummy misses you.
Your magical contamination has completely faded away.
You hit the mummy but do no damage.
The mummy is almost destroyed.
The mummy hits you.
* * * LOW HITPOINT WARNING * * *
Unknown command.
You hit the mummy.
You destroy the mummy!
The mummy hits you.
You die...

.............
#........#
#......#
#....# #....#
∆∆ #....# ∆ ∆
#....# ∆ ∆
#..M.# ∆∆ ∆∆∆
#...@# ∆ ∆
∆∆∆ #....#
∆∆∆ ∆ #....#
∆ ∆∆ #.∩∩.#
∆∆ ######


You could see a mummy.

Vanquished Creatures
  An ice beast (D:3)
  An orc wizard (D:3)
  4 mummies
  3 gnolls (D:4)
  An adder (D:3)
  2 dart slugs
  2 orcs
  11 endoplasms
  4 giant cockroaches
  A gnoll zombie (Ossuary)
  11 goblins
  8 hobgoblins
  4 quokkas
  4 ball pythons
  7 bats
  4 frilled lizards
  A goblin zombie (D:4)
  2 hobgoblin zombies (Ossuary)
  5 kobolds
  2 kobold zombies (Ossuary)
  2 orc zombies (Ossuary)
  4 rats
84 creatures vanquished.

Notes
Turn   | Place    | Note
-------+----------+-------------------------------------------
     0 | D:1      | lesbiats the Gnoll Conjurer began the quest for the Orb.
     0 | D:1      | Reached XP level 1. HP: 13/13 MP: 6/6
   114 | D:1      | Reached XP level 2. HP: 19/19 MP: 2/7
   163 | D:1      | Learned a level 2 spell: Searing Ray
   244 | D:1      | Found a faded altar of an unknown god.
   742 | D:1      | Reached skill level 5 in Spellcasting
   742 | D:1      | Reached XP level 3. HP: 24/25 MP: 5/9
   860 | D:2      | Reached skill level 1 in Invocations
  1188 | D:2      | Reached skill level 1 in Fighting
  1188 | D:2      | Reached skill level 1 in Short Blades
  1188 | D:2      | Reached skill level 1 in Long Blades
  1188 | D:2      | Reached skill level 1 in Axes
  1188 | D:2      | Reached skill level 1 in Maces & Flails
  1188 | D:2      | Reached skill level 1 in Polearms
  1188 | D:2      | Reached skill level 1 in Staves
  1188 | D:2      | Reached skill level 1 in Ranged Weapons
  1188 | D:2      | Reached skill level 1 in Throwing
  1188 | D:2      | Reached skill level 1 in Armour
  1188 | D:2      | Reached skill level 1 in Shields
  1188 | D:2      | Reached skill level 1 in Unarmed Combat
  1188 | D:2      | Reached skill level 1 in Evocations
  1675 | D:2      | Reached XP level 4. HP: 32/32 MP: 8/11
  1983 | D:3      | Noticed an ice beast
  2003 | D:3      | Killed an ice beast
  2004 | D:3      | Reached skill level 1 in Hexes
  2004 | D:3      | Reached skill level 1 in Summonings
  2004 | D:3      | Reached skill level 1 in Necromancy
  2004 | D:3      | Reached skill level 1 in Translocations
  2004 | D:3      | Reached skill level 1 in Transmutations
  2004 | D:3      | Reached skill level 1 in Fire Magic
  2004 | D:3      | Reached skill level 1 in Ice Magic
  2004 | D:3      | Reached skill level 1 in Air Magic
  2004 | D:3      | Reached skill level 1 in Earth Magic
  2004 | D:3      | Reached skill level 1 in Poison Magic
  2004 | D:3      | Reached XP level 5. HP: 21/37 MP: 6/12
  2182 | D:3      | Found a sacrificial altar of Ru.
  2891 | D:4      | Reached XP level 6. HP: 25/44 MP: 4/14
  3047 | D:4      | Found a sand-covered staircase.
  3054 | Ossuary  | Entered an ossuary
  3074 | Ossuary  | Reached skill level 5 in Dodging
  3103 | Ossuary  | HP: 2/44 [mummy (2)]
  3104 | Ossuary  | Slain by a mummy

Illustrated notes

Levels and vault maps discovered:
D:1:      wander_arrival_lonely_grave, layout_basic,
          nicolae_ecumenical_snake_handling
D:2:      layout_basic
D:3:      layout_loops_cross, nicolae_ru_great_annihilating_truth
D:4:      minmay_skewed_foursquare, layout_loops_ring,
          minmay_temple_entry_poolview, nicolae_ossuary_entry_giza
Ossuary:  ossuary_tomb_3

Skill      XL: |  1  2  3  4  5  6 |
---------------+-------------------+-----
Spellcasting   | 5 |  5.3
Invocations    | 1 2 |  2.1
Fighting       | 1 2 |  2.0
Short Blades   | 1 2 |  2.0
Long Blades    | 1 2 |  2.0
Axes           | 1 2 |  2.0
Maces & Flails | 1 2 |  2.0
Polearms       | 1 2 |  2.0
Staves         | 1 2 |  2.0
Ranged Weapons | 1 2 |  2.0
Throwing       | 1 2 |  2.0
Armour         | 1 2 |  2.0
Shields        | 1 2 |  2.0
Unarmed Combat | 1 2 |  2.0
Evocations     | 1 2 |  2.0
Hexes          | 1 |  1.5
Summonings     | 1 |  1.5
Necromancy     | 1 |  1.5
Translocations | 1 |  1.5
Transmutations | 1 |  1.5
Fire Magic     | 1 |  1.5
Ice Magic      | 1 |  1.5
Air Magic      | 1 |  1.5
Earth Magic    | 1 |  1.5
Poison Magic   | 1 |  1.5
Dodging        | 5 |  5.0
Stealth        | |  4.6
Conjurations   | |  7.3

Action                   |  1- 3 |  4- 6 || total
-------------------------+-------+-------++-------
Melee: Unarmed           |     1 |       ||     1
       Punch             |     1 |       ||     1
       Broad axe         |    23 |    22 ||    45
       Bite              |     3 |     2 ||     5
       Rapier            |       |    23 ||    23
 Cast: Magic Dart        |    62 |    20 ||    82
       Searing Ray       |       |     8 ||     8
  Use: Scroll            |     2 |     4 ||     6
       Potion            |       |     2 ||     2
 Stab: Sleeping          |     1 |     4 ||     5
Armor: Robe              |     9 |     7 ||    16
Dodge: Dodged            |    18 |    31 ||    49

Table legend: (Time is in decaauts)
 A = Elapsed time spent in this place.
 B = Non-inter-level travel time spent in this place.
 C = Inter-level travel time spent in this place.
 D = Time resting spent in this place.
 E = Time spent auto-exploring this place.
 F = Levels seen in this place.
 G = Mean time per level.
                   A        B        C        D        E       F      G
               +--------+--------+--------+--------+--------+-----+--------+
         Total |   3128 |   3040 |     88 |    809 |   1574 |   5 |  625.6 |
       Dungeon |   3076 |   2988 |     88 |    809 |   1573 |   4 |  769.0 |
       Ossuary |     51 |     51 |      0 |      0 |      1 |   1 |   51.0 |
               +--------+--------+--------+--------+--------+-----+--------+

Top non-repeatable levels by time:
     D:3: 1021 daAuts
     D:2: 997 daAuts
     D:1: 842 daAuts
     D:4: 215 daAuts
 Ossuary: 51 daAuts
